Map: New Repugnancy LE

Players

INsPirAtioN

  • Race: Terran Terran
  • League: Diamond
  • Spawn Location: 7:00

마술사 - Winner!

  • Race: Terran Terran
  • League: Diamond
  • Spawn Location: 1:00

VOD

Have the link to the VOD?

Description

Time

  • Played on: May 30, 2019, 3:28 a.m.
  • Length: 25:58
Show
View Real Time Build Order
Export as new Build Order

INsPirAtioN Terran 

Build Orders: Mech 

Get SALT Encoding   

  12  0:00  SCV  
  13  0:12  SCV  
  14  0:17  Supply Depot  
  14  0:24  SCV  
  14  0:27  Refinery  
  15  0:38  SCV  
  16  0:44  Barracks  
  16  0:51  SCV  
  16  0:56  Refinery  
  17  1:03  SCV  
  18  1:15  SCV  
  19  1:38  Orbital Command, Factory  
  19  1:44  Reaper  
  20  1:59  Supply Depot  
  20  2:04  SCV  
  21  2:16  Reaper, SCV  
  23  2:28  SCV, Hellion  
  26  2:39  Command Center  
  26  2:43  SCV  
  27  2:49  Reaper  
  27  2:50  Hellion  
  31  2:59  Supply Depot  
  31  3:04  Starport  
  30  3:06  SCV  
  31  3:14  Factory Tech Lab  
  31  3:21  Barracks Tech Lab  
  31  3:23  SCV  
  31  3:25  Supply Depot  
  32  3:34  Cyclone  
  32  3:38  SCV  
  36  3:47  Refinery  
  36  3:50  SCV  
  37  3:58  Orbital Command  
  37  3:59  Refinery  
  36  4:08  Cyclone  
  36  4:09  SCV  
  40  4:10  Raven  
  42  4:22  SCV  
  43  4:24  SCV  
  44  4:35  SCV  
  44  4:36  SCV  
  44  4:43  Command Center  
  44  4:49  Siege Tank  
  44  4:50  Barracks Reactor  
  47  4:52  Raven  
  44  5:02  SCV x2  
  46  5:14  SCV x2  
  46  5:18  Factory  
  46  5:19  Factory  
  46  5:26  SCV  
  47  5:30  Siege Tank  
  47  5:33  SCV  
  51  5:38  SCV  
  52  5:46  SCV  
  52  5:47  Armory, Engineering Bay  
  52  5:48  Armory  
  53  5:53  SCV  
  54  6:00  Viking x2  
  58  6:04  Factory Reactor  
  58  6:06  Orbital Command  
  58  6:15  Siege Tank  
  58  6:18  SCV x2  
  63  6:22  Siege Tank  
  66  6:30  SCV  
  67  6:33  Viking  
  67  6:36  Supply Depot, Viking  
  71  6:42  Terran Vehicle Weapons Level 1, SCV  
  72  6:50  SCV, Hellion x2  
  72  6:53  Terran Vehicle And Ship Armor Level 1  
  77  6:57  SCV x2  
  79  7:07  Sensor Tower  
  79  7:10  SCV x2  
  79  7:12  Orbital Command  
  81  7:19  Supply Depot  
  81  7:20  Siege Tank  
  84  7:23  Supply Depot  
  84  7:29  SCV  
  85  7:33  Supply Depot, SCV  
  85  7:40  Siege Tank  
  88  7:48  Viking x2  
  92  7:54  SCV, Hellion x2  
  92  7:55  SCV x2  
  99  8:01  Sensor Tower  
  99  8:06  SCV  
  99  8:10  Refinery  
  99  8:11  SCV  
  99  8:12  Supply Depot  
  101  8:13  Refinery  
  101  8:15  Starport  
  101  8:16  Supply Depot x2  
  101  8:17  Factory  
  101  8:30  SCV x3  
  101  8:32  Command Center  
  104  8:35  Siege Tank x2  
  110  8:44  Viking x2  
  114  8:58  Terran Vehicle Weapons Level 2  
  114  9:01  Hellion x2  
  120  9:04  Terran Vehicle And Ship Armor Level 2  
  118  9:10  Factory Tech Lab  
  118  9:14  Command Center  
  116  9:20  Starport Reactor  
  116  9:21  Viking x2  
  114  9:26  Siege Tank  
  117  9:35  Supply Depot  
  117  9:36  Siege Tank  
  120  9:41  SCV x2  
  120  9:42  Supply Depot  
  120  9:43  Supply Depot  
  122  9:57  Siege Tank  
  122  9:58  SCV x3  
  128  10:12  Viking x3  
  134  10:15  Sensor Tower  
  134  10:18  Sensor Tower  
  134  10:22  Refinery  
  134  10:26  Refinery  
  133  10:44  Siege Tank  
  133  10:45  Siege Tank, Viking x4  
  133  10:49  Missile Turret  
  147  10:56  Missile Turret  
  147  11:11  Armory, Refinery  
  147  11:13  Refinery  
  147  11:14  Missile Turret  
  147  11:16  Starport, Infernal Pre-Igniter  
  147  11:17  Drilling Claws  
  147  11:18  Starport  
  147  11:20  Missile Turret  
  147  11:22  SCV x3  
  147  11:23  Orbital Command  
  147  11:25  Missile Turret  
  150  11:33  Terran Vehicle Weapons Level 3  
  150  11:35  Terran Ship Weapons Level 1  
  150  11:36  Hellion x4  
  150  11:38  Orbital Command, SCV x2  
  150  11:39  SCV  
  161  11:50  SCV  
  161  11:51  SCV x2  
  164  11:59  Missile Turret x2  
  164  12:03  Terran Vehicle And Ship Armor Level 3  
  164  12:04  Starport Tech Lab  
  164  12:05  Starport Tech Lab, Viking x3  
  164  12:06  Widow Mine x5  
  171  12:38  Sensor Tower  
  171  12:53  Siege Tank x3  
  171  12:56  Missile Turret  
  171  12:57  Missile Turret x2  
  171  12:58  Missile Turret  
  180  13:00  Missile Turret  
  180  13:01  Missile Turret  
  180  13:06  Missile Turret  
  180  13:20  Missile Turret  
  156  13:44  Viking x4  
  156  13:47  Siege Tank x3  
  168  14:18  Sensor Tower  
  168  14:24  Missile Turret, Raven  
  168  14:25  Terran Ship Weapons Level 2  
  168  14:27  Missile Turret  
  168  14:29  Widow Mine x3  
  176  14:40  SCV x4  
  180  14:47  Missile Turret x2  
  180  14:49  Siege Tank  
  180  14:50  Missile Turret  
  180  14:52  Smart Servos, Missile Turret  
  183  14:53  Missile Turret  
  183  14:58  Fusion Core  
  183  15:08  Command Center  
  183  15:10  Missile Turret  
  183  15:14  Missile Turret, Corvid Reactor  
  183  15:16  Hi-Sec Auto Tracking  
  180  15:40  Siege Tank x2  
  186  15:55  Refinery  
  186  15:58  Refinery  
  186  16:02  Liberator x4  
  186  16:03  Liberator  
  184  16:13  Neosteel Armor  
  193  16:41  Widow Mine  
  193  16:42  Widow Mine x2  
  193  16:43  Terran Ship Weapons Level 3  
  199  16:59  Command Center  
  199  17:03  Orbital Command  
  197  17:23  Raven  
  199  17:43  Advanced Ballistics  
  197  18:08  Command Center  
  178  18:23  Siege Tank x3  
  191  18:34  Battlecruiser x2  
  182  19:03  Command Center  
  182  19:07  Factory  
  182  19:08  Factory  
  170  19:14  Siege Tank  
  170  19:15  Siege Tank x2  
  179  19:19  Refinery  
  179  19:22  Refinery  
  173  19:38  Battlecruiser  
  173  19:42  Planetary Fortress  
  173  19:48  Orbital Command, Liberator x4  
  173  19:53  Siege Tank x3  
  179  20:04  Factory Tech Lab x2  
  179  20:30  Viking  
  169  20:37  Starport  
  169  20:39  Starport  
  169  20:40  Thor x3  
  169  20:42  Viking  
  189  20:44  Orbital Command  
  189  20:55  Viking x4  
  197  21:01  Sensor Tower  
  166  21:24  Viking x4  
  154  21:31  Viking x3  
  147  21:35  Viking  
  143  21:43  Factory x2  
  137  21:47  Siege Tank x3  
  149  21:54  Viking x2  
  149  22:00  Starport Reactor x2  
  149  22:01  Viking  
  155  22:03  Hellion x2  
  156  22:20  Siege Tank  
  156  22:21  Siege Tank  
  161  22:28  Factory Tech Lab  
  147  22:37  Viking x5  
  135  22:58  Siege Tank x2  
  135  22:59  Siege Tank x2  
  141  23:08  Viking x2  
  141  23:09  Viking x8  
  104  23:38  Viking x2  
  104  23:39  Viking x3  
  89  23:53  Siege Tank x2  
  89  23:54  Siege Tank x2  
  91  24:13  Starport x2  
  91  24:16  Starport  
  85  24:19  Starport  
  71  24:36  Factory Tech Lab x2  
  67  24:43  Refinery  
  67  24:44  Refinery  
  67  24:45  Viking  
  67  24:46  Viking x3  
  75  24:53  Refinery  
  75  24:54  Starport Reactor, Refinery  
  75  24:55  Starport Reactor x2  
  75  24:56  Starport Reactor  
  75  24:57  Siege Tank x3  
  84  25:00  Barracks  
  84  25:20  Viking x4  
  95  25:39  Engineering Bay  
  105  25:55  Supply Depot x3  
  105  25:57  Supply Depot  
Show
View Real Time Build Order
Export as new Build Order

마술사 Terran - Winner!

Build Orders: Mech 

Get SALT Encoding   

  12  0:01  SCV  
  13  0:13  SCV  
  14  0:17  Supply Depot  
  14  0:25  SCV  
  15  0:28  Refinery  
  15  0:38  SCV  
  16  0:45  Barracks  
  16  0:50  SCV  
  17  1:03  SCV  
  18  1:15  SCV  
  19  1:31  Orbital Command  
  19  1:32  Barracks Reactor  
  19  1:37  Supply Depot  
  19  1:57  SCV  
  19  1:59  Factory  
  20  2:09  Command Center  
  20  2:14  Marine x2  
  22  2:21  SCV  
  23  2:25  Refinery  
  22  2:32  Marine x2  
  22  2:33  SCV  
  25  2:40  Supply Depot  
  25  2:45  Factory Tech Lab, SCV  
  25  2:50  Marine x2  
  28  2:58  SCV  
  29  3:07  Cyclone  
  29  3:10  Mag-Field Accelerator, SCV  
  33  3:18  Marine x2  
  35  3:22  SCV  
  36  3:33  Refinery  
  37  3:34  SCV  
  37  3:36  Marine x2  
  37  3:37  Orbital Command  
  39  3:48  SCV  
  40  3:50  Cyclone  
  43  4:00  SCV  
  43  4:02  SCV  
  44  4:12  SCV  
  44  4:14  SCV  
  46  4:24  SCV, Command Center  
  47  4:26  SCV  
  48  4:33  Refinery  
  48  4:36  SCV  
  49  4:41  Supply Depot  
  49  4:43  Supply Depot  
  49  5:01  SCV x2  
  49  5:04  Cyclone  
  54  5:12  Factory  
  54  5:13  SCV x2  
  56  5:17  Factory  
  53  5:25  SCV  
  51  5:31  SCV  
  52  5:36  Cyclone  
  52  5:37  SCV  
  56  5:42  Orbital Command  
  56  5:57  SCV x2  
  56  6:00  Orbital Command, Factory Tech Lab  
  56  6:02  Hellion x2  
  62  6:05  Armory  
  62  6:06  Armory  
  62  6:08  Siege Tank  
  62  6:09  SCV  
  66  6:13  SCV  
  67  6:20  Siege Tank  
  67  6:23  Hellion x2  
  67  6:24  Refinery  
  67  6:25  SCV x2  
  75  6:26  SCV  
  75  6:27  Refinery  
  77  6:37  SCV, Engineering Bay  
  77  6:38  SCV  
  79  6:40  Cyclone  
  79  6:44  Hellion  
  79  6:45  Hellion  
  79  6:46  SCV  
  87  6:49  SCV  
  87  6:50  SCV  
  87  6:52  Cyclone  
  92  6:55  Supply Depot x2  
  92  7:04  Infernal Pre-Igniter  
  92  7:07  Terran Ship Weapons Level 1, Terran Vehicle And Ship Armor Level 1  
  92  7:10  SCV x2  
  92  7:11  SCV  
  95  7:18  Supply Depot  
  95  7:23  Siege Tank, Supply Depot  
  95  7:25  Siege Tank  
  104  7:51  SCV, Hellion x2  
  104  7:52  SCV  
  104  7:55  Siege Tank  
  104  7:57  Siege Tank  
  112  8:02  Starport x2  
  112  8:03  SCV  
  112  8:04  SCV x2  
  112  8:05  Factory  
  115  8:06  Factory x2  
  115  8:20  Command Center  
  115  8:33  SCV x2  
  115  8:34  SCV  
  115  8:40  Missile Turret x2  
  115  8:42  Starport Tech Lab x2  
  115  8:43  Sensor Tower  
  115  8:44  Fusion Core  
  115  8:48  Armory  
  115  8:52  Starport x2  
  115  8:53  Factory Tech Lab x2  
  115  8:54  Factory Tech Lab  
  114  8:57  SCV  
  114  8:58  SCV  
  114  8:59  SCV  
  113  9:20  Refinery  
  113  9:21  Refinery  
  113  9:22  Sensor Tower  
  113  9:25  Missile Turret  
  113  9:37  Command Center  
  113  9:41  Orbital Command, Command Center  
  113  9:44  Missile Turret  
  112  9:56  Battlecruiser  
  112  9:57  Battlecruiser  
  112  9:59  Starport Tech Lab  
  124  10:03  Weapon Refit  
  124  10:05  Starport Tech Lab  
  124  10:17  Terran Ship Weapons Level 2, Terran Vehicle And Ship Armor Level 2  
  124  10:18  Terran Vehicle Weapons Level 1  
  124  10:27  Neosteel Armor  
  122  10:44  Command Center  
  122  10:45  Command Center  
  122  10:47  Command Center  
  122  10:51  Battlecruiser  
  128  10:57  Battlecruiser  
  128  11:01  Orbital Command  
  134  11:18  Orbital Command  
  134  11:24  Refinery  
  134  11:26  Thor x2  
  134  11:28  Refinery  
  146  11:37  Battlecruiser  
  152  11:42  Raven  
  154  11:55  Raven  
  156  12:06  Battlecruiser  
  156  12:07  Hi-Sec Auto Tracking  
  162  12:14  Thor  
  164  12:31  Thor x2  
  170  12:47  Thor x2  
  176  12:57  Thor, Orbital Command  
  176  12:58  Orbital Command  
  182  13:17  Orbital Command  
  182  13:19  Missile Turret  
  182  13:24  Sensor Tower  
  156  13:41  Missile Turret  
  156  13:47  Siege Tank x3  
  165  13:49  Thor x2  
  177  13:59  SCV  
  177  14:00  SCV x5  
  177  14:01  SCV  
  184  14:06  Command Center  
  184  14:07  Command Center  
  184  14:15  Command Center  
  178  14:19  Thor x2  
  190  14:41  Missile Turret  
  190  14:42  Missile Turret  
  190  14:44  Missile Turret x2  
  190  14:45  Battlecruiser  
  196  15:00  Missile Turret  
  196  15:02  Sensor Tower  
  196  15:22  Missile Turret  
  196  15:25  Missile Turret  
  196  15:27  Missile Turret  
  192  15:48  Missile Turret  
  192  15:55  Orbital Command  
  192  15:57  Orbital Command x2  
  192  16:09  Missile Turret  
  192  16:14  Terran Vehicle And Ship Armor Level 3, Terran Vehicle Weapons Level 2, Terran Ship Weapons Level 3  
  192  16:16  Refinery  
  192  16:17  Refinery  
  192  16:44  Battlecruiser  
  197  17:20  Battlecruiser  
  185  17:45  Battlecruiser  
  185  17:46  Battlecruiser  
  148  18:13  Thor  
  148  18:14  Thor x3  
  148  18:19  Battlecruiser  
  160  18:24  Battlecruiser  
  148  18:31  Thor  
  148  18:32  Hellion x2  
  158  18:37  Orbital Command  
  155  18:50  Battlecruiser x2  
  155  18:54  Hellion x2  
  164  18:56  Thor x2  
  164  18:57  Thor  
  182  19:15  Hellion x2  
  182  19:16  Thor x2  
  192  19:24  Battlecruiser  
  192  19:29  Battlecruiser  
  198  19:41  Thor  
  197  19:49  Hellion x6  
  197  19:56  Orbital Command  
  169  20:54  Thor x2  
  169  20:55  Battlecruiser x2  
  169  20:56  Battlecruiser  
  183  21:54  SCV  
  183  21:55  SCV x7  
  191  22:07  SCV x2  
  193  22:13  Thor  
  177  22:47  Battlecruiser  
  177  22:48  Battlecruiser x2  
  177  23:20  Terran Vehicle Weapons Level 3  
  177  23:40  Battlecruiser  
  183  23:52  Battlecruiser x2  
  183  24:01  Battlecruiser  
  189  24:14  Orbital Command  
  183  24:22  Refinery  
  171  24:28  Refinery  
  171  24:37  Orbital Command  
  165  24:44  Battlecruiser  
  171  24:49  Orbital Command  
  171  25:05  Refinery  
  171  25:07  Refinery  
Tags
 
Composition
MechMech
Matchup
TvT
Race
Terran
Spawn Locations
Cross Positions
Add a new tag
Caveats
  • Supply blocks, unpowered buildings, or Contaminate may cause inaccurate times.
  • Supply counts are checked every 10 seconds.